 Dungeon Crawl Stone Soup version 0.21-a0-104-g7b58145 (webtiles) character file.

2506 meatball the Grappler (level 9, -12/79 HPs)
             Began as a Troll Monk on July 6, 2017.
             Was a Priest of Hepliaklqana.
             Mangled by an ogre
             ... wielding a +0 giant spiked club
              (20 damage)
             ... on level 7 of the Dungeon.
             The game lasted 00:24:45 (4872 turns).

meatball the Grappler (Troll Monk)                  Turns: 4872, Time: 00:24:45

Health: -12/79     AC:  5    Str: 24    XL:     9   Next: 28%
Magic:  11/11      EV: 12    Int:  6    God:    Hepliaklqana [***...]
Gold:   331        SH:  0    Dex: 12    Spells: 8/8 levels left

rFire    + . .     SeeInvis .     - Unarmed
rCold    + . .     Gourm    +   (no shield)
rNeg     . . .     Faith    .   a - +0 robe
rPois    +         Spirit   .   (helmet restricted)
rElec    +         Reflect  .   (no cloak)
rCorr    +         Harm     .   (gloves unavailable)
MR       .....                  (boots unavailable)
Stlth    ++........             (no amulet)
HPRegen  0.63/turn              (no ring)
MPRegen  0.12/turn              (no ring)

@: resistant
A: unfitting armour, reduced essence, claws 3, fast metabolism 3, gourmand,
regeneration 1, shaggy fur 1, tough skin 2
a: Recall Ancestor, Ancestor Identity, Transference, Renounce Religion


You were on level 7 of the Dungeon.
You worshipped Hepliaklqana.
Hepliaklqana was most pleased with you.
You were very full.

You visited 1 branch of the dungeon, and saw 7 of its levels.

You collected 331 gold pieces.

Inventory:

Armour
 a - a +0 robe (worn)
 r - a +0 cloak
 A - a +0 buckler
Jewellery
 g - an uncursed ring of ice {unknown}
 y - a +4 ring of intelligence {unknown}
 z - a +4 ring of evasion {unknown}
Wands
 u - a wand of random effects (18/48)
Scrolls
 f - a scroll of enchant weapon {unknown}
 h - 2 scrolls of teleportation {unknown}
 k - 5 scrolls of identify {unknown}
 n - a scroll of remove curse {unknown}
 q - a scroll of immolation {unknown}
 t - 2 scrolls of enchant armour {unknown}
 v - a scroll of fog {unknown}
 x - 5 scrolls of blinking {unknown}
Potions
 c - 2 potions of heal wounds {unknown}
 d - 2 potions of degeneration {unknown}
 e - 2 potions of might {unknown}
 i - a potion of brilliance {unknown}
 j - a potion of resistance
 l - a potion of magic {unknown}
 o - 5 potions of haste {unknown}
 s - 2 potions of curing {unknown}
Comestibles
 b - 6 bread rations
 m - 3 royal jellies
 p - a meat ration


   Skills:
 + Level 5.5 Fighting
 + Level 5.6 Dodging
 - Level 1.0 Stealth
 + Level 8.5 Unarmed Combat
 * Level 4.2 Invocations


You had 8 spell levels left.
You didn't know any spells.

Dungeon Overview and Level Annotations

Branches:
Dungeon (7/15)
 Temple: D:4-7

Altars:
Elyvilon
Fedhas
Hepliaklqana
Okawaru
The Shining One


Innate Abilities, Weirdness & Mutations

You are too large for most types of armour.
You have claws for hands.
Your metabolism is lightning-fast.
You like to eat raw meat.
Your natural rate of healing is unusually fast.
You are covered in fur. (AC +1)
You have very tough skin. (AC +2)
Your life essence is reduced to manifest your ancestor. (-10% HP)


Message History

The orc wizard seems less confused.
The hound bites you but does no damage. The hound barely misses you.
You mangle the hound!!
You kill the hound!
You hear some strange, mumbled words.
Something tries to affect you, but you resist.
An ogre comes into view. It is wielding a giant spiked club.
The orc wizard hits you with a dagger.
* * * LOW HITPOINT WARNING * * *
The orc wizard hits you with a dagger.
* * * LOW HITPOINT WARNING * * *
THE TRASH MAN is still trapped in memory!
The orc wizard gestures at you while chanting.
The puff of flame misses you.
You feel protected.
The orc wizard gestures at you while chanting.
The magic dart hits you!
* * * LOW HITPOINT WARNING * * *
The ogre hits you with a giant spiked club!!
You die...

...#.......
..........#
.........##
.........
##......###+#####
#.......#....... .
#.........#.#.##..
#....@!.#.........
##....Oo...)......
....#...#{#.<)......
......#.#.#.).......
≈≈..##..#.)...$....#
≈≈≈. #.####........#
≈≈≈ .. #.....(... ≈≈
#.# #........# ..
(.#.....##


You could see an ogre and an orc wizard.

Vanquished Creatures
  A two-headed ogre (D:6)
  Grinder (D:4)
  The ghost of tof the Twirler, an amateur DsGl (D:4)
  Duvessa (D:5)
  A water moccasin (D:6)
  An ice beast (D:5)
  A phantom (D:6)
  A centaur (D:5)
  An ogre (D:4)
  A bullfrog (D:6)
  A scorpion (D:6)
  3 howler monkeys
  2 crimson imps (D:5)
  4 orc wizards
  Crazy Yiuf (D:4)
  2 orc priests
  3 hounds
  Ijyb (D:4)
  2 worker ants
  A howler monkey skeleton (D:4)
  3 adders
  An ooze (D:6)
  An adder skeleton (D:6)
  3 dart slugs
  A leopard gecko (D:3)
  12 orcs
  A ball python (D:2)
  7 bats
  5 giant cockroaches
  2 goblins
  5 hobgoblins
  4 jackals (D:2)
  7 kobolds
  3 quokkas
  5 frilled lizards
  A jackal zombie (D:5)
  A quokka zombie (D:6)
  4 rats
96 creatures vanquished.

Vanquished Creatures (collateral kills)
  A bullfrog (D:5)
  Dowan (D:5)
  A bullfrog zombie (D:6)
  An iguana (D:5)
  A worker ant (D:5)
  An ooze (D:5)
  An orc (D:6)
7 creatures vanquished.

Vanquished Creatures (others)
  A hexer (D:7)
1 creature vanquished.

Grand Total: 104 creatures vanquished

Notes
Turn   | Place    | Note
-------+----------+-------------------------------------------
     0 | D:1      | meatball the Troll Monk began the quest for the Orb.
     0 | D:1      | Reached XP level 1. HP: 22/22 MP: 0/0
   157 | D:1      | Reached XP level 2. HP: 23/29 MP: 1/1
   529 | D:2      | You fall through a shaft!
   620 | D:3      | Reached XP level 3. HP: 32/36 MP: 2/2
   636 | D:3      | Found a white marble altar of Elyvilon.
   705 | D:3      | Reached skill level 4 in Unarmed Combat
  1182 | D:3      | Reached XP level 4. HP: 44/44 MP: 3/3
  1693 | D:2      | Reached XP level 5. HP: 53/53 MP: 4/4
  2024 | D:4      | Noticed Grinder
  2029 | D:4      | Paralysed by Grinder for 2 turns
  2048 | D:4      | Noticed tof's ghost (amateur DsGl)
  2054 | D:4      | Paralysed by Grinder for 6 turns
  2078 | D:4      | Killed Grinder
  2078 | D:4      | Reached skill level 5 in Unarmed Combat
  2078 | D:4      | Reached XP level 6. HP: 15/61 MP: 5/5
  2237 | D:4      | Killed tof's ghost
  2237 | D:4      | Reached skill level 6 in Unarmed Combat
  2455 | D:4      | Reached XP level 7. HP: 68/68 MP: 6/6
  2660 | D:4      | Noticed Ijyb
  2666 | D:4      | Killed Ijyb
  2945 | D:4      | Found a runed door.
  2949 | D:4      | Noticed Crazy Yiuf
  2958 | D:4      | Killed Crazy Yiuf
  3003 | D:4      | Found a hazy altar of Hepliaklqana.
  3011 | D:4      | Became a worshipper of Hepliaklqana the Forgotten
  3011 | D:4      | Reached * piety under Hepliaklqana
  3011 | D:4      | Reached ** piety under Hepliaklqana
  3012 | D:4      | Remembered your ancestor THE TRASH MAN as a hexer
  3395 | D:5      | Entered Level 5 of the Dungeon
  3560 | D:5      | Reached skill level 7 in Unarmed Combat
  3611 | D:5      | Noticed Dowan
  3613 | D:5      | Noticed Duvessa
  3617 | D:5      | Killed Dowan
  3634 | D:5      | Killed Duvessa
  3634 | D:5      | Reached XP level 8. HP: 27/71 MP: 7/7
  3942 | D:5      | Reached skill level 1 in Invocations
  4061 | D:5      | Found an iron altar of Okawaru.
  4400 | D:6      | Reached skill level 5 in Fighting
  4400 | D:6      | Reached skill level 5 in Dodging
  4413 | D:6      | Reached *** piety under Hepliaklqana
  4481 | D:6      | Found a glowing golden altar of the Shining One.
  4543 | D:6      | Found a blossoming altar of Fedhas.
  4545 | D:6      | Noticed a two-headed ogre
  4556 | D:6      | Killed a two-headed ogre
  4556 | D:6      | Reached skill level 8 in Unarmed Combat
  4556 | D:6      | Reached XP level 9. HP: 51/79 MP: 8/10
  4627 | D:6      | Found a glowing golden altar of the Shining One.
  4872 | D:7      | Mangled by an ogre

Vault maps used:
D:1:      dpeg_arrival_rooms_a, serial_glass, glass_columns_a, glass_columns_a
D:2:      cheibrodos_pilgrimage
D:3:      first_bread, elyvilon_altar_1
D:4:      overflow_temple_1_default, hangedman_abyss_or_decor_stabs,
          wad_floor_pattern_2, kennysheep_generic_room_10, uniq_ijyb,
          uniq_crazy_yiuf_cottage, uniq_grinder
D:5:      marbit_many_paths, uniq_duvessa
D:6:      lemuel_round_altar, old_standard_altar, nicolae_tso_swordbearing_angel
D:7:      kennysheep_mini, minmay_temple_entry_poolview, grunt_livestock,
          centaur_isle, uniq_menkaure

Skill      XL: |  1  2  3  4  5  6  7  8  9 |
---------------+----------------------------+-----
Unarmed Combat | 4 5 6 7 8 |  8.5
Dodging        | 3 4 5 |  5.6
Fighting       | 3 4 5 |  5.5
Invocations    | 3 4 |  4.2
Stealth        | |  1.0

Action                   |  1- 3 |  4- 6 |  7- 9 || total
-------------------------+-------+-------+-------++-------
Melee: Unarmed           |    85 |    86 |   154 ||   325
       Punch             |       |     1 |     5 ||     6
Invok: Ancestor Identity |       |       |     2 ||     2
       Ancestor Life: He |       |       |     1 ||     1
  Use: Potion            |       |       |     1 ||     1
 Stab: Sleeping          |     3 |     1 |     2 ||     6
       Confused          |       |       |     3 ||     3
       Distracted        |       |       |     2 ||     2
  Eat: Chunk             |    16 |     8 |    24 ||    48
Armor: Robe              |    31 |    30 |    29 ||    90
Dodge: Dodged            |    39 |    32 |    71 ||   142
